 Dungeon Crawl Stone Soup version 0.31-a0-187-gba352fbbf7 (webtiles) character file.

Game seed: 12454394762700885091

44 qw the Shooter (level 3, -1/20 HPs)
             Began as a Deep Elf Hunter on June 22, 2023.
             Killed from afar by an orc wizard (9 damage)
             ... with a puff of flame
             ... on level 2 of the Dungeon.
             The game lasted 00:00:23 (1157 turns).

qw the Shooter (Deep Elf Hunter)                    Turns: 1157, Time: 00:00:23

Health: -1/20      AC:  8    Str: 10    XL:     3   Next: 39%
Magic:  5/5        EV: 11    Int: 13    God:
Gold:   85         SH:  0    Dex: 18    Spells: 2/2 levels left

rFire   . . .        Y - +0 shortbow
rCold   . . .        (shield currently unavailable)
rNeg    . . .        e - +1 swamp dragon scales
rPois   +            (no helmet)
rElec   .            (no cloak)
rCorr   .            (no gloves)
SInv    .            (no boots)
Will    .....        (no amulet)
Stlth   +            (no ring)
HPRegen 0.23/turn    (no ring)
MPRegen 0.09/turn

%: no passive effects
@: no status effects
A: no striking features
a: no special abilities


You were on level 2 of the Dungeon.
You visited 1 branch of the dungeon, and saw 2 of its levels.

You collected 85 gold pieces.


   Skills:
 - Level 1.5 Fighting
 + Level 7.0 Ranged Weapons
 - Level 2.4 Dodging
 - Level 1.2 Stealth


You had 2 spell levels left.
You didn't know any spells.
Your spell library was empty.

Inventory:

Hand Weapons
 Y - a +0 shortbow (weapon)
Armour
 e - +1 swamp dragon scales (worn)
Scrolls
 a - a scroll of teleportation {unknown}
Potions
 b - a potion of might {unknown}
 c - a potion of attraction {unknown}
 f - 2 potions of heal wounds
 i - a potion of ambrosia {unknown}

Dungeon Overview and Level Annotations

Branches:
Dungeon (2/15)

Altars:


Message History

The magic dart hits you but does no damage.
You shoot an arrow. The arrow hits the orc wizard!
The orc wizard is heavily wounded.
The orc wizard hits you but does no damage.
The orc throws a boomerang.
The boomerang hits you but does no damage.
You shoot an arrow. The arrow hits the orc wizard.
The orc wizard is severely wounded.
The orc wizard hits you but does no damage.
You shoot an arrow.
The arrow hits the orc wizard but does no damage.
The orc wizard is severely wounded.
The orc wizard points at you and mumbles some strange words.
The magic dart hits you.
The orc wizard gestures at you while chanting.
The puff of flame misses you. The orc barely misses you.
You shoot an arrow. The arrow barely misses the orc wizard.
The orc wizard hits you but does no damage.
The orc hits you but does no damage. The orc wizard casts a spell at you.
The puff of flame hits you!
Ouch! That really hurt!
You shoot an arrow.
The arrow hits the orc wizard but does no damage.
The orc wizard is severely wounded.
The orc wizard closely misses you. The orc hits you with a +0 flail.
The orc wizard hits you but does no damage.
You shoot an arrow.
The arrow hits the orc wizard but does no damage.
The orc wizard is severely wounded.
The orc wizard hits you but does no damage.
The orc barely misses you.
The orc wizard hits you but does no damage.
You shoot an arrow.
The arrow closely misses the orc wizard.
The orc barely misses you.
The orc wizard hits you but does no damage.
The orc wizard points at you and mumbles some strange words.
The puff of flame hits you!
You die...

#.#####..##.# #
#... #.# #..###. #
..... ####.# #..#
## ..#.... ..##.#
#..# # ..#..
#.##.# #%.# .).o
#.##.# #..# #..
##)##.#####..#
#..##............#
#..o@...#.######.#
#.....oo..)#.# #.#
#.##.......#.#
#.####
...<#.....#.#
#.....
.............#
######
......####.####
.....# #># .....
#.# ###.#


You could see 2 orc wizards and an orc.

Vanquished Creatures
  3 dart slugs
  An orc (D:2)
  5 ball pythons (D:2)
  5 endoplasms
  2 giant cockroaches (D:2)
  3 goblins
  3 hobgoblins
  2 kobolds
  2 bats (D:2)
  3 frilled lizards (D:1)
  6 rats
35 creatures vanquished.

Notes
Turn   | Place    | Note
-------+----------+-------------------------------------------
     0 | D:1      | qw the Deep Elf Hunter began the quest for the Orb.
     0 | D:1      | Reached XP level 1. HP: 12/12 MP: 3/3
     0 | D:1      | 0 ||| qw: Version: 0.3-a-9-g12657ce
     0 | D:1      | 0 ||| qw: Game counter: 2465
     0 | D:1      | 0 ||| qw: Always use a shield: true
     0 | D:1      | 0 ||| qw: God list: Okawaru
     0 | D:1      | 0 ||| qw: Allow faded altars: false
     0 | D:1      | 0 ||| qw: Do Orc after D:15 true
     0 | D:1      | 0 ||| qw: Do second Lair branch before Depths: true
     0 | D:1      | 0 ||| qw: Lair rune preference: random
     0 | D:1      | 0 ||| qw: Plans: Normal
     0 | D:1      | 0 ||| PLANNING D:1-11
   128 | D:1      | Reached skill level 6 in Ranged Weapons
   128 | D:1      | Reached XP level 2. HP: 16/16 MP: 4/4
   702 | D:1      | 702 ||| UPGRADING to +0 ring mail.
   712 | D:1      | 712 ||| DROPPING +0 leather armour.
   713 | D:1      | 713 ||| UPGRADING to +0 swamp dragon scales.
   723 | D:1      | 723 ||| DROPPING +0 ring mail.
   724 | D:1      | 724 ||| READING scroll labelled TAZ GIKHEISA.
   725 | D:1      | 725 ||| READING 2 scrolls labelled OTILUVVIURR.
   726 | D:1      | 726 ||| READING scroll of enchant armour.
   726 | D:1      | 726 ||| ENCHANTING +0 swamp dragon scales.
   727 | D:1      | 727 ||| DRINKING 3 bubbling coppery potions.
   728 | D:1      | 728 ||| DROPPING scroll of butterflies.
   802 | D:2      | Reached XP level 3. HP: 20/20 MP: 5/5
  1140 | D:2      | Reached skill level 7 in Ranged Weapons
  1141 | D:2      | 1141 ||| Stepping ~*~*~tactically~*~*~ (outnumbered).
  1143 | D:2      | 1143 ||| Stepping ~*~*~tactically~*~*~ (outnumbered).
  1145 | D:2      | 1145 ||| Stepping ~*~*~tactically~*~*~ (outnumbered).
  1147 | D:2      | 1147 ||| Stepping ~*~*~tactically~*~*~ (outnumbered).
  1157 | D:2      | Killed from afar by an orc wizard

Levels and vault maps discovered:
D:1:      onia_arrival_pyramid, layout_basic
D:2:      layout_loops_ring

Skill      XL: |  1  2  3 |
---------------+----------+-----
Ranged Weapons | 6 7 |  7.0
Fighting       | |  1.5
Dodging        | |  2.4
Stealth        | |  1.2

Action                     || total
---------------------------++-------
   Fire: Shortbow          ||    74
    Use: Scroll            ||     3
         Potion            ||     1
 Armour: Swamp dragon scal ||    12
  Dodge: Dodged            ||     8

Table legend:
 A = Non-vault XP
 B = Vault XP
 C = Vault XP percentage of total XP
 D = Non-vault monster count
 E = Vault monster count
 F = Vault count percentage of total count
                 A         B        C        D         E       F
            +---------+---------+-------+---------+---------+-------
      Total |      63 |       0 |   0.0 |      35 |       0 |   0.0
            +---------+---------+-------+---------+---------+-------
        D:1 |      33 |       0 |   0.0 |      18 |       0 |   0.0
        D:2 |      30 |       0 |   0.0 |      17 |       0 |   0.0
            +---------+---------+-------+---------+---------+-------
